 Dungeon Crawl Stone Soup version 0.26-a0-651-gb41185065b (webtiles) character file.

Game seed: 15854191615624165271

176 kae the Ruffian (level 5, 0/44 HPs)
             Began as a Naga Transmuter on Oct 30, 2020.
             Slain by an orc
             ... wielding a +0 trident
              (6 damage)
             ... on level 3 of the Dungeon.
             The game lasted 00:02:59 (3161 turns).

kae the Ruffian (Naga Transmuter)                   Turns: 3161, Time: 00:03:00

Health: 0/44       AC:  2    Str: 13    XL:     5   Next: 56%
Magic:  2/8        EV: 19    Int: 13    God:
Gold:   129        SH:  0    Dex: 17    Spells: 4/8 levels left

rFire    . . .     SeeInvis +     - Unarmed
rCold    . . .     Faith    .   (shield currently unavailable)
rNeg     . . .     Spirit   .   (armour currently unavailable)
rPois    x         Reflect  .   (helmet currently unavailable)
rElec    .         Harm     .   (cloak currently unavailable)
rCorr    .         Rampage  .   (gloves currently unavailable)
MR       .....                  (no barding)
Stlth    ++........             (no amulet)
HPRegen  0.14/turn              (no ring)
MPRegen  0.11/turn              (no ring)

@: spider-form (expiring), very slightly contaminated
A: tiny, see invisible, spit poison 1, AC +1
a: Spit Poison, End Transformation


You were on level 3 of the Dungeon.
You were a venomous arachnid creature.
You visited 1 branch of the dungeon, and saw 3 of its levels.

You collected 129 gold pieces.

Inventory:

Armour
 a - a +0 robe (melded)
 d - a +2 cloak (melded)
 e - a +1 pair of gloves (melded)
Scrolls
 b - 3 scrolls of identify
 f - a scroll of enchant weapon
 g - a scroll of amnesia
 j - a scroll of teleportation
 k - a scroll of enchant armour
 l - a scroll of remove curse
Potions
 c - 2 potions of stabbing
 h - a potion of lignification {unknown}
 i - a potion of haste
 o - a potion of magic


   Skills:
 - Level 1.0 Fighting
 - Level 1.5 Dodging
 + Level 4.7 Unarmed Combat
 - Level 2.0 Spellcasting
 + Level 4.1 Transmutations


You had 4 spell levels left.
You knew the following spells:

 Your Spells              Type           Power        Failure   Level
a - Beastly Appendage     Tmut           ##....       14%         1
b - Spider Form           Tmut/Pois      #.........   54%         3

Your spell library contained the following spells:

 Spells                   Type           Power        Failure   Level
 Wereblood                Tmut           ##......     19%         2
 Ice Form                 Ice/Tmut       #.......     87%         4
 Blade Hands              Tmut           ##........   90%         5


Dungeon Overview and Level Annotations

Branches:
Dungeon (3/15)

Altars:
Ashenzari
Sif Muna


Innate Abilities, Weirdness & Mutations

You cannot wear boots.
((Your serpentine skin is tough. (AC +1)))
You have supernaturally acute eyesight. (SInv)
((Armour fits poorly on your strangely shaped body.))
((Your system is resistant to poisons. (rPois)))
((You cover ground very slowly.))
You can spit poison.


Message History

The orc completely misses you. The orc misses you.
The orc completely misses you.
You hit the orc.
You kill the orc!
The orc closely misses you. The orc completely misses you.
The orc closely misses you.
The orc misses you. x2; The orc completely misses you.
Things that are here:
a +0 mace; an orc corpse You barely miss the orc.
The orc barely misses you. x2; The orc misses you.
The orc closely misses you.
You bite the orc!
You kill the orc!
The orc misses you. The orc hits you with a +0 trident!
* * * LOW HITPOINT WARNING * * *
You barely miss the orc. The orc misses you.
The orc hits you from afar with a +0 trident!
* * * LOW HITPOINT WARNING * * *
The orc hits you with a +0 trident.
You die...

## #. #####. .....
### # #..o ..#.#
#..o##.#.# #)so...#
####.#### #########
#.......# #.......#
#.##.##.# #.......#
#.##.# # #.......#
#.##.#
#.......###.##.# #
#.......†......##.#
#......(.##†......#


You could see 3 orcs.

Vanquished Creatures
  An ogre (D:3)
  An adder (D:2)
  4 worms
  A dart slug (D:1)
  3 leopard geckos
  6 orcs (D:3)
  11 bats
  3 giant cockroaches
  4 goblins
  5 hobgoblins
  2 jackals (D:2)
  2 ball pythons (D:2)
  2 frilled lizards (D:2)
  6 kobolds
  10 rats
61 creatures vanquished.

Notes
Turn   | Place    | Note
-------+----------+-------------------------------------------
     0 | D:1      | kae the Naga Transmuter began the quest for the Orb.
     0 | D:1      | Reached XP level 1. HP: 18/18 MP: 3/3
   481 | D:1      | Reached XP level 2. HP: 18/25 MP: 3/5
  1179 | D:2      | Reached XP level 3. HP: 31/31 MP: 4/6
  1184 | D:2      | Learned a level 3 spell: Spider Form
  2229 | D:2      | Reached XP level 4. HP: 38/38 MP: 5/7
  2564 | D:3      | Noticed an ogre
  2577 | D:3      | Killed an ogre
  2577 | D:3      | Reached XP level 5. HP: 24/44 MP: 4/8
  3049 | D:3      | Found a shimmering blue altar of Sif Muna.
  3049 | D:3      | Found a broken altar of Ashenzari.
  3161 | D:3      | Slain by an orc

Illustrated notes

Levels and vault maps discovered:
D:1:      noname_arrival_rooms_in_the_neighbourhood, layout_basic
D:2:      layout_rooms, minmay_joined_circles
D:3:      layout_loops_cross, gammafunk_temple_overflow_elements

Skill      XL: |  1  2  3  4 |
---------------+-------------+-----
Transmutations | 3 4 |  4.1
Unarmed Combat | 4 |  4.7
Fighting       | |  1.0
Dodging        | |  1.5
Spellcasting   | |  2.0

Action                   |  1- 3 |  4- 6 || total
-------------------------+-------+-------++-------
Melee: Unarmed           |   132 |    62 ||   194
       Headbutt          |    12 |     4 ||    16
       Punch             |     2 |     1 ||     3
 Cast: Beastly Appendage |    21 |    16 ||    37
       Spider Form       |       |     2 ||     2
 Abil: Spit Poison       |    16 |     9 ||    25
  Use: Scroll            |     9 |     3 ||    12
       Potion            |       |     1 ||     1
Armor: Robe              |    83 |    27 ||   110
Dodge: Dodged            |    90 |    59 ||   149

Table legend: (Time is in decaauts)
 A = Elapsed time spent in this place.
 B = Non-inter-level travel time spent in this place.
 C = Inter-level travel time spent in this place.
 D = Time resting spent in this place.
 E = Time spent auto-exploring this place.
 F = Levels seen in this place.
 G = Mean time per level.
                   A        B        C        D        E       F      G
               +--------+--------+--------+--------+--------+-----+--------+
         Total |   3708 |   3661 |     47 |    254 |   2821 |   3 | 1236.0 |
       Dungeon |   3708 |   3661 |     47 |    254 |   2821 |   3 | 1236.0 |
               +--------+--------+--------+--------+--------+-----+--------+

Top non-repeatable levels by time:
     D:2: 1722 daAuts
     D:1: 1187 daAuts
     D:3: 798 daAuts
